 Dungeon Crawl Stone Soup version 0.30-b1-2-g02819fbbbe (webtiles) character file.

Game seed: 8394642814144581334

3676 Mesmaeker13 the Unseen (level 9, 0/43 HPs)
             Began as a Spriggan Brigand on Aug 22, 2023.
             Was a Follower of Ru.
             Slain by a scorpion (2 damage)
             ... summoned by Amaemon
             ... on level 7 of the Dungeon.
             The game lasted 00:18:23 (7429 turns).

Mesmaeker13 the Unseen (Spriggan Brigand)           Turns: 7429, Time: 00:18:23

Health: 0/43       AC:  9    Str:  7    XL:     9   Next: 89%
Magic:  7/10       EV: 18    Int: 13    God:    Ru [*.....]
Gold:   578        SH:  0    Dex: 20    Spells: 5/8 levels left

rFire   . . .        k - +1 dagger (elec)
rCold   . . .        (no shield)
rNeg    . . .        I - +2 robe
rPois   .            (helmet restricted)
rElec   .            c - +0 cloak
rCorr   .            (gloves unavailable)
SInv    +            (boots unavailable)
Will    +....        (no amulet)
Stlth   ++++++       u - +4 ring of protection
HPRegen 0.27/turn    p - ring of wizardry
MPRegen 0.12/turn

%: wizardry (x1)
@: lethally poisoned (0 -> -6), about to teleport, studying Stealth, unable to
drink, very quick
A: very small, no large weapons, unfitting armour, see invisible, speed 3,
inability to drink after injury 2
a: Renounce Religion


You were on level 7 of the Dungeon.
You worshipped Ru.
Ru was aware of your devotion.
You visited 2 branches of the dungeon, and saw 9 of its levels.

You collected 578 gold pieces.

Inventory:

Hand Weapons
 e - a +2 short sword of venom
 k - a +1 dagger of electrocution (weapon)
 t - a +2 short sword of electrocution
Missiles
 d - 16 poisoned darts (quivered)
 G - 8 boomerangs
 J - a boomerang of dispersal
Armour
 c - a +0 cloak (worn)
 I - a +2 robe (worn)
Jewellery
 f - a +5 ring of evasion
 p - a ring of wizardry (right hand)
 r - a ring of flight
 u - a +4 ring of protection (left hand)
 v - a +4 ring of protection
 y - a ring of protection from cold
Wands
 L - a wand of digging (9)
Scrolls
 a - 2 scrolls of fear {unknown}
 h - a scroll of enchant armour {unknown}
 j - 8 scrolls of teleportation
 l - a scroll of summoning
 n - a scroll of magic mapping
 o - a scroll of torment {unknown}
 q - 2 scrolls of amnesia {unknown}
 s - 2 scrolls of vulnerability {unknown}
 x - a scroll of fog {unknown}
 B - 2 scrolls of acquirement
 C - 3 scrolls of identify
 D - a scroll of poison {unknown}
Potions
 b - a potion of degeneration {unknown}
 g - 5 potions of curing
 i - a potion of heal wounds {unknown}
 m - 2 potions of haste
 w - a potion of magic {unknown}
 z - 3 potions of flight {unknown}
 A - 2 potions of invisibility {unknown}
 F - a potion of brilliance {unknown}
 H - a potion of ambrosia {unknown}
 K - a potion of berserk rage {unknown}


   Skills:
 - Level 2.4 Fighting
 + Level 8.0 Short Blades
 + Level 7.3 Throwing
 - Level 3.1 Dodging
 + Level 15.3 Stealth
 + Level 7.8 Hexes


You had 5 spell levels left.
You knew the following spells:

 Your Spells              Type           Power      Damage    Failure   Level
a - Confusing Touch       Hex            20%        N/A       1%          3

Your spell library contained the following spells:

 Spells                   Type           Power      Damage    Failure   Level
 Summon Guardian Golem    Hex/Summ       10%        N/A       8%          3
 Kiss of Death            Conj/Necr      0%         2d5       12%         1
 Cigotuvi's Dreadful Rot  Necr/Pois/Air  0%         N/A       19%         2
 Ignite Poison            Fire/Tmut/Pois 0%         N/A       34%         3
 Dispel Undead            Necr           0%         3d6       73%         4
 Freezing Cloud           Conj/Ice/Air   0%         6-21      96%         5
 Orb of Destruction       Conj           0%         9d5       100%        7
 Spellforged Servitor     Conj/Summ      0%         N/A       100%        7


Dungeon Overview and Level Annotations

Branches:
Dungeon (8/15)             Temple (1/1) D:4
   Lair: D:8-11

Altars:
Ashenzari
Cheibriados
Dithmenos
Elyvilon
Fedhas
Gozag
Hepliaklqana
Kikubaaqudgha
Nemelex Xobeh
Okawaru
Qazlal
Ru
Sif Muna
Trog
Uskayaw
Vehumet
Wu Jian
Xom
Yredelemnul
Zin
The Shining One

Shops:
D:1 ?   D:4 *((   D:7 [

Annotations:
D:6 3 exclusions
D:7 Amaemon
D:8 Grum


Innate Abilities, Weirdness & Mutations

You are very small and have problems with some larger weapons.
You are too small for most types of armour.
You have supernaturally acute eyesight. (SInv)
You cover ground extremely quickly. (Speed+++)
You sometimes lose the ability to drink potions when taking damage.


Message History

* * * LOW HITPOINT WARNING * * *
You are lethally poisoned!
Amaemon closely misses you. Amaemon tail-slaps you.
* * * LOW HITPOINT WARNING * * *
The scorpion misses you.
You cannot drink potions in your current state!
You cannot drink potions in your current state!
Unknown command.
As you read the scroll of teleportation, it crumbles to dust.
You feel strangely unstable.
* * * LOW HITPOINT WARNING * * *
You feel very sick. The scorpion completely misses you. Amaemon misses you.
Amaemon claws you but does no damage. Amaemon closely misses you.
Unknown command.
You cannot drink potions in your current state!
Unknown command.
Okay, then.
As you read the scroll of summoning, it crumbles to dust.
Wisps of shadow whirl around you...
* * * LOW HITPOINT WARNING * * *
You feel very sick. The scorpion closely misses you.
Unknown command.
You hit Amaemon but do no damage.
Amaemon is lightly wounded.
* * * LOW HITPOINT WARNING * * *
You feel sick.
The scorpion stings you but does no damage.
Amaemon barely misses you. Amaemon completely misses you.
Amaemon closely misses you.
You closely miss Amaemon.
Amaemon is lightly wounded.
Your hands stop glowing.
* * * LOW HITPOINT WARNING * * *
You feel sick.
Your howler monkey misses the scorpion.
Your orc closely misses Amaemon.
Your orc priest hits the scorpion but does no damage.
Your shadow imp hits the scorpion.
The scorpion stings you.
You die...

#.##.............#.#####.#...
#.####....##.###.#.#.......#.
#.# #.#.###.###.........###.
#.####.#...........#.######..
#####......[..#...######.#
#...
...######..#.............#
##.. ##.# #.##.##5h.########
##. #.# #.##.###s## ## ##.#
#.##.# #@# # ##.##
#.##.###6## #
..#.#####.##..##so# #
..##......###.###o# #
..#.####### #.# #o# # ##)##
### #.# #o# # ##)# ##.###.#
#)# # .))# #......# #.# #
#### ##.##### #.# #


You could see Amaemon (poisoned, slow, ally target), 2 scorpions, a friendly
howler monkey (summoned), a friendly orc priest (summoned), a friendly shadow
imp (summoned) and 3 friendly orcs.

Vanquished Creatures
  Pikel (D:7)
  Maurice (D:8)
  A komodo dragon (D:7)
  Grinder (D:6)
  A water moccasin (D:5)
  Duvessa (D:6)
  2 orc warriors
  A sky beast (D:8)
  An ogre (D:7)
  A wolf (D:8)
  A lemure (D:7)
  2 centaurs
  A kobold brigand (D:8)
  2 bullfrogs
  4 scorpions
  11 wights
  Dowan (D:6)
  A howler monkey (D:5)
  3 hounds
  3 orc priests
  A sleepcap (D:6)
  2 iguanas
  2 orc wizards (D:7)
  11 adders
  A shadow imp (D:5)
  A white imp (D:6)
  A worm (D:2)
  4 dart slugs
  31 orcs
  8 endoplasms
  4 giant cockroaches
  6 goblins
  9 hobgoblins
  3 jackals (D:2)
  4 quokkas
  6 ball pythons
  6 bats
  3 frilled lizards
  8 kobolds
  6 rats
157 creatures vanquished.

Vanquished Creatures (others)
  A plant (D:6)
1 creature vanquished.

Grand Total: 158 creatures vanquished

Notes
Turn   | Place    | Note
-------+----------+-------------------------------------------
     0 | D:1      | Mesmaeker13 the Spriggan Brigand began the quest for the
                  | Orb.
     0 | D:1      | Reached XP level 1. HP: 10/10 MP: 2/2
    16 | D:1      | Found Seywa's Magic Scroll Boutique.
   121 | D:1      | Reached skill level 6 in Stealth
   168 | D:1      | Reached XP level 2. HP: 15/15 MP: 3/3
   733 | D:2      | Reached XP level 3. HP: 18/18 MP: 4/4
   983 | D:2      | You fall into a shaft and drop 2 floors!
  1046 | D:2      | Reached XP level 4. HP: 23/23 MP: 5/5
  2003 | D:3      | Found a faded altar of an unknown god.
  2210 | D:3      | Reached XP level 5. HP: 27/27 MP: 6/6
  2685 | D:4      | Learned a level 3 spell: Confusing Touch
  2699 | D:4      | Found a white marble altar of Elyvilon.
  2703 | D:4      | Identified the +0 scale mail of Tender Moments {rElec rPois
                  | Dex-3 Stlth+}
  2709 | D:4      | Found Uvataoga's General Store.
  2758 | D:4      | Found a staircase to the Ecumenical Temple.
  2771 | Temple   | Entered the Ecumenical Temple
  2946 | D:4      | Found Xalar's Antique Weapon Shop.
  2980 | D:4      | Found Ystryesti's Weapon Shop.
  3156 | D:4      | Reached skill level 7 in Stealth
  3540 | D:5      | Entered Level 5 of the Dungeon
  3637 | D:5      | Noticed a water moccasin
  3648 | D:5      | Killed a water moccasin
  3649 | D:5      | Reached skill level 1 in Hexes
  3649 | D:5      | Reached XP level 6. HP: 17/32 MP: 7/7
  4375 | D:5      | Identified 3 scrolls of acquirement
  4412 | D:5      | Acquired a manual of Stealth
  4425 | D:6      | Found a sacrificial altar of Ru.
  4453 | D:6      | Became a worshipper of Ru the Awakened
  4473 | D:6      | Reached skill level 8 in Stealth
  4606 | D:6      | Reached XP level 7. HP: 35/35 MP: 8/8
  4641 | D:6      | Noticed Grinder
  4665 | D:6      | Found a blossoming altar of Fedhas.
  4689 | D:6      | Reached skill level 9 in Stealth
  4810 | D:6      | Killed Grinder
  4811 | D:6      | Reached skill level 5 in Short Blades
  4902 | D:6      | Noticed Duvessa
  4902 | D:6      | Noticed Dowan
  4915 | D:6      | Reached skill level 10 in Stealth
  4927 | D:6      | Killed Duvessa
  4944 | D:6      | Killed Dowan
  4945 | D:6      | Reached XP level 8. HP: 18/39 MP: 4/9
  5390 | D:6      | Reached skill level 5 in Throwing
  5390 | D:6      | Reached skill level 11 in Stealth
  5570 | D:7      | Reached skill level 5 in Hexes
  5706 | D:7      | Reached skill level 12 in Stealth
  5915 | D:7      | Gained mutation: You occasionally lose the ability to drink
                  | potions when taking damage. [Ru sacrifice]
  5915 | D:7      | Gained mutation: You sometimes lose the ability to drink
                  | potions when taking damage. [Ru sacrifice]
  5915 | D:7      | Reached * piety under Ru
  6041 | D:7      | Found Oqamo's Armour Shoppe.
  6075 | D:7      | Reached XP level 9. HP: 25/43 MP: 10/10
  6171 | D:7      | Noticed a komodo dragon
  6174 | D:7      | Noticed Pikel
  6190 | D:7      | Killed Pikel
  6191 | D:7      | Reached skill level 13 in Stealth
  6195 | D:7      | Killed a komodo dragon
  6196 | D:7      | Reached skill level 14 in Stealth
  7095 | D:8      | Noticed an orange demon
  7195 | D:8      | Noticed Maurice
  7209 | D:8      | Killed Maurice
  7210 | D:8      | Reached skill level 15 in Stealth
  7394 | D:8      | Noticed Amaemon
  7395 | D:8      | Noticed Grum
  7429 | D:7      | HP: 2/43 [poisoned by Amaemon]
  7429 | D:7      | Slain by a scorpion

Illustrated notes

Levels and vault maps discovered:
D:1:      amcnicky_arrival_double_pillar, layout_basic, serial_shops, shop,
          minivault_24
D:2:      minmay_diamond_boxcup, layout_basic
D:3:      layout_basic, dreamdust_ecumenical_altar_sealed_demon
D:4:      layout_gridville, mainiacjoe_overflow_catwalk,
          minmay_temple_entry_statues_fountains, serial_shops, shop,
          nicolae_inconvenience_store, nicolae_shop_real_fake_doors
D:5:      layout_basic
D:6:      layout_loops_cross, nicolae_ru_the_path_less_chosen,
          fedhas_bush_and_centaur_altar, uniq_duvessa, uniq_grinder
D:7:      layout_loops_ring, serial_shops, nicolae_shop_hallway_stairs,
          uniq_pikel
D:8:      layout_cave_pools, uniq_grum, uniq_amaemon, uniq_maurice
Temple:   mainiacjoe_temple_coin_purse

Skill      XL: |  1  2  3  4  5  6  7  8  9 |
---------------+----------------------------+-----
Stealth        | 6 7 8 10 12 15 | 15.3
Dodging        | 2 3 |  3.1
Fighting       | 2 |  2.4
Short Blades   | 3 4 5 6 8 |  8.0
Throwing       | 3 4 6 7 |  7.3
Hexes          | 1 3 4 6 7 |  7.8

Action                     |  1- 3 |  4- 6 |  7- 9 || total
---------------------------+-------+-------+-------++-------
  Melee: Dagger            |    83 |   151 |   257 ||   491
         Punch             |     1 |       |     4 ||     5
         Short sword       |       |       |    13 ||    13
  Throw: Dart              |       |    21 |    75 ||    96
   Cast: Confusing Touch   |       |       |    26 ||    26
 Invoke: Sacrifice Drink   |       |       |     1 ||     1
    Use: Scroll            |     1 |     6 |     2 ||     9
         Potion            |       |       |     1 ||     1
   Stab: Sleeping          |    18 |    13 |     7 ||    38
         Confused          |       |       |    22 ||    22
 Armour: Robe              |     2 |    16 |    36 ||    54
  Dodge: Dodged            |    43 |    84 |   155 ||   282
